 Dungeon Crawl Stone Soup version 0.23-a0-49-gd9f7a49 (webtiles) character file.

39300 Amnesiac the Earth Mage (level 13, -10/79 HPs)
             Began as a Mummy Earth Elementalist on Aug 6, 2018.
             Was a High Priest of Vehumet.
             Mangled by a saltling (16 damage)
             ... in the Desolation of Salt.
             The game lasted 00:34:19 (15188 turns).

Amnesiac the Earth Mage (Mummy Earth Elementalist) Turns: 15188, Time: 00:34:20

Health: -10/79     AC: 15    Str: 13    XL:     13   Next: 68%
Magic:  8/47       EV: 12    Int: 26    God:    Vehumet [*****.]
Gold:   638        SH:  0    Dex: 12    Spells: 18/43 levels left

rFire    + . .     SeeInvis +   a - staff of power
rCold    . . .     Gourm    .   (no shield)
rNeg     + + +     Faith    .   f - +2 robe {Archmagi}
rPois    ∞         Spirit   .   r - +1 helmet of Philately {rPois Str+2}
rElec    +         Reflect  .   s - +2 cloak
rCorr    +         Harm     .   o - +2 pair of gloves "Ennejup" {rCorr SInv}
MR       +....                  A - +2 pair of boots {Fly}
Stlth    ++........             q - amulet of regeneration
HPRegen  0.63/turn              x - ring "Tiyl Ily" {Fire +Blink rElec Int+4 SInv}
MPRegen  0.30/turn              z - ring of Fydut {Wiz rF+ Int+2}

@: flying, very slightly contaminated
A: no food or potions, fire vulnerability, cold resistance 1, negative energy
resistance 3, torment resistance, unbreathing, in touch with death 1
a: Renounce Religion, Evoke Blink, Stop Flying


You were in the Desolation of Salt.
You worshipped Vehumet.
Vehumet was extremely pleased with you.
You were not hungry.

You visited 4 branches of the dungeon, and saw 14 of its levels.
You also visited: Desolation.

You collected 1433 gold pieces.
You spent 795 gold pieces at shops.

Inventory:

Hand Weapons
 b - a +3 dagger of draining
 w - a +0 blowgun
Missiles
 g - 179 stones (quivered)
 p - 22 poisoned needles
Armour
 f - a +2 robe of the Archmagi (worn)
 o - the +2 pair of gloves "Ennejup" (worn) {rCorr SInv}
   (You bought it in a shop on level 2 of the Orcish Mines)

   It lets you see invisible.
   It provides partial protection from all sources of acid and corrosion.
 r - the +1 helmet of Philately (worn) {rPois Str+2}
   (You found it on level 5 of the Dungeon)

   It affects your strength (+2).
   It protects you from poison.
 s - a +2 cloak (worn)
 A - a +2 pair of boots of flying (worn)
Magical Staves
 a - an uncursed staff of power (weapon)
 v - an uncursed staff of air
Jewellery
 q - an amulet of regeneration (around neck)
 x - the ring "Tiyl Ily" (left hand) {Fire +Blink rElec Int+4 SInv}
   (You found it on level 8 of the Dungeon)

   [ring of fire]

   It enhances your fire magic.
   It affects your intelligence (+4).
   It protects you from fire.
   It makes you vulnerable to cold.
   It insulates you from electricity.
   It lets you see invisible.
   It lets you blink.
 y - an uncursed ring of protection from magic
 z - the ring of Fydut (right hand) {Wiz rF+ Int+2}
   (You found it on level 1 of the Elven Halls)

   [ring of wizardry]

   It improves your spell success rate.
   It affects your intelligence (+2).
   It protects you from fire.
Wands
 l - a wand of iceblast (5)
 m - a wand of acid (4)
 n - a wand of paralysis (14)
Scrolls
 c - 2 scrolls of identify {!r}
 d - 6 scrolls of remove curse {!r}
 e - a scroll of enchant armour {!r}
 i - 2 scrolls of amnesia {!r}
 j - 2 scrolls of fear {!r}
 k - a scroll of brand weapon {!r}
 t - a scroll of fog {!r}
 u - 4 scrolls of teleportation {!r}
 B - a scroll of enchant weapon {!r}
 C - a scroll of magic mapping {!r, unknown}


   Skills:
 - Level 1.5 Dodging
 - Level 1.5 Stealth
 + Level 15.8 Spellcasting
 - Level 0.7 Transmutations
 * Level 15.8 Earth Magic


You had 18 spell levels left.
You knew the following spells:

 Your Spells              Type           Power        Failure   Level  Hunger
a - Stone Arrow           Conj/Erth      ######       1%          3    N/A
b - Passwall              Tmut/Erth      #######.     1%          2    N/A
c - Sandblast             Erth           ######       0%          1    N/A
d - Lee's Rapid Deconstr  Erth           ########..   1%          5    N/A
e - Petrify               Tmut/Erth      #######.     1%          4    N/A
q - Yara's Violent Unrav  Hex/Tmut       ####......   7%          5    N/A
w - Irradiate             Conj/Tmut      ####......   7%          5    N/A

Your spell library contained the following spells:

 Spells                   Type           Power        Failure   Level  Hunger


Dungeon Overview and Level Annotations

Branches:
Dungeon (10/15)            Temple (1/1) D:4            Lair (0/6) D:10
    Orc (2/2) D:10            Elf (1/3) Orc:2

Altars:
Ashenzari
Cheibriados
Dithmenos
Elyvilon
Fedhas
Gozag
Hepliaklqana
Kikubaaqudgha
Makhleb
Nemelex Xobeh
Okawaru
Qazlal
Ru
Sif Muna
Trog
Uskayaw
Vehumet
Wu Jian
Xom
Yredelemnul
Zin
The Shining One
Beogh

Shops:
D:4 [   Orc:2 ([([[


Innate Abilities, Weirdness & Mutations

You do not eat or drink.
Your flesh is vulnerable to fire.
You are immune to poison.
Your flesh is cold resistant. (rC+)
You are immune to negative energy. (rN+++)
You are immune to unholy pain and torment.
You can survive without breathing.
You are in touch with the powers of death.


Message History

The stone arrow hits the guardian serpent.
The guardian serpent is almost dead.
You carefully extract the barbed spikes from your body.
The guardian serpent casts a spell at you.
You resist with almost no effort.
Casting: Stone Arrow (safe; 1% risk of failure)
Confirm with . or Enter, or press ? or * to list all spells.
Aiming: Stone Arrow (safe; 1% risk of failure)
Press: ? - help, Shift-Dir - straight line, f/p - guardian serpent
Aim: a guardian serpent (almost dead)
You feel a surge of power!
The stone arrow misses the guardian serpent.
The guardian serpent casts a spell at you.
You resist with almost no effort.
Casting: Stone Arrow (safe; 1% risk of failure)
Confirm with . or Enter, or press ? or * to list all spells.
Aiming: Stone Arrow (safe; 1% risk of failure)
Press: ? - help, Shift-Dir - straight line, f/p - guardian serpent
Aim: a guardian serpent (almost dead)
You feel a surge of power!
The stone arrow hits the guardian serpent.
You kill the guardian serpent!
Vehumet accepts your kill.
You feel your power returning.
The servant of whispers invokes the aid of its god against you.
The bolt of lightning hits you! You resist.
* * * LOW HITPOINT WARNING * * *
Unknown command.
Casting: Stone Arrow (safe; 1% risk of failure)
Confirm with . or Enter, or press ? or * to list all spells.
Aiming: Lee's Rapid Deconstruction (safe; 1% risk of failure)
Press: ? - help, Dir - move target cursor A rock wall.
You feel a surge of power!
The wall shatters!
The blast of rock fragments hits the servant of whispers.
The servant of whispers is moderately wounded.
The servant of whispers calls down the wrath of its god upon you.
The bolt of lightning hits you! You resist.
* * * LOW HITPOINT WARNING * * *
Casting: Lee's Rapid Deconstruction (safe; 1% risk of failure)
Confirm with . or Enter, or press ? or * to list all spells.
Aiming: Lee's Rapid Deconstruction (safe; 1% risk of failure)
Press: ? - help, Dir - move target cursor A rock wall.
You feel a surge of power!
The wall shatters!
The blast of rock fragments hits the servant of whispers.
The servant of whispers is almost dead.
Evoke which item? (* to show all) (? for menu, Esc to quit)
Aiming: Iceblast
Press: ? - help, Shift-Dir - straight line The mass of ice explodes!
The iceblast engulfs the servant of whispers.
You kill the servant of whispers!
Vehumet accepts your kill.
You feel your power returning.
A saltling comes into view. x2
Okay, then.
Okay, then. 3 saltlings come into view.
A saltling comes into view.
Okay, then.
A peacekeeper comes into view.
The peacekeeper roars!
The saltling hits you!
You die...

.................
............#.....
...........#......
#................
##................
...................
...................
.........@.∩.8.....
.........8.....8...
.....#....88.......
..........8........
.§....#............
§§..........8.........
§§.§§.................
..§§.........).......p
§§.§§.................


You could see a peacekeeper and 6 saltlings.

Vanquished Creatures
  Saint Roka (Orc:2)
  Gastronok (D:9)
  A deep elf sorcerer (Elf:1)
  A deep elf high priest (Elf:1)
  4 peacekeepers
  A servant of whispers (Desolation)
  4 two-headed ogres
  A dancing weapon (Elf:1)
  2 deep elf knights (Elf:1)
  An orc high priest (Orc:2)
  Sonja (Orc:1)
  The ghost of Loudmushroom the Cleaver, a novice MiBe of Trog (D:8)
  2 orc sorcerers
  18 deep elf magi (Elf:1)
  3 orc knights
  A guardian serpent (Desolation)
  A queen bee (D:10)
  A hornet (D:9)
  3 trolls
  8 saltlings (Desolation)
  A hippogriff (D:7)
  Eustachio (D:5)
  A water elemental (Elf:1)
  Grum (D:8)
  Menkaure (D:5)
  A steam dragon (D:7)
  A hungry ghost (D:8)
  3 wargs (Orc:2)
  Duvessa (D:5)
  35 orc warriors
  A phantom (D:5)
  3 sky beasts
  5 ice beasts
  A black bear (D:7)
  9 ogres
  3 centaurs
  An eye of draining (D:8)
  3 wolves (D:8)
  3 bullfrogs
  A gnoll sergeant (D:8)
  4 scorpions
  Dowan (D:5)
  23 killer bees (D:10)
  3 wights (D:6)
  2 howler monkeys (D:8)
  3 crimson imps
  A centaur zombie (D:8)
  A gnoll shaman (D:9)
  A jelly (D:7)
  22 orc priests
  18 orc wizards
  A bullfrog skeleton (D:5)
  3 hounds
  3 iguanas
  9 worker ants
  A killer bee zombie (D:9)
  A centaur simulacrum (D:8)
  A hound zombie (D:5)
  A hound skeleton (D:6)
  3 worker ant zombies
  6 gnolls
  2 howler monkey skeletons
  7 adders
  A hound simulacrum (D:8)
  A shadow imp (D:8)
  2 white imps (D:8)
  A worker ant simulacrum (D:8)
  3 oozes
  2 adder skeletons
  4 worms
  A dart slug (D:1)
  6 leopard geckos
  89 orcs
  2 giant cockroaches
  12 goblins
  7 hobgoblins
  11 jackals
  6 quokkas
  2 ball pythons
  10 bats
  3 frilled lizards
  11 kobolds
  A quokka zombie (D:9)
  8 rats
432 creatures vanquished.

Notes
Turn   | Place    | Note
-------+----------+-------------------------------------------
     0 | D:1      | Amnesiac the Mummy Earth Elementalist began the quest for the Orb.
     0 | D:1      | Reached XP level 1. HP: 13/13 MP: 4/4
   126 | D:1      | Reached XP level 2. HP: 11/19 MP: 3/5
   209 | D:1      | Learned a level 2 spell: Passwall
   409 | D:1      | Reached XP level 3. HP: 24/24 MP: 4/7
   414 | D:1      | Learned a level 3 spell: Stone Arrow
  1084 | D:3      | Reached XP level 4. HP: 29/30 MP: 9/9
  1093 | D:3      | Learned a level 4 spell: Petrify
  1341 | D:4      | Found Innus's Armour Shop.
  1618 | D:4      | Found a hide-covered altar of Uskayaw.
  1621 | D:4      | Found an opulent altar of Gozag.
  1624 | D:4      | Found a blossoming altar of Fedhas.
  1725 | D:4      | Found a sacrificial altar of Ru.
  1731 | D:4      | Found a staircase to the Ecumenical Temple.
  1740 | Temple   | Entered the Ecumenical Temple
  1967 | Temple   | Became a worshipper of Vehumet
  2159 | D:2      | Reached XP level 5. HP: 35/35 MP: 11/11
  3169 | D:2      | Reached * piety under Vehumet
  3169 | D:2      | Offered knowledge of Freeze by Vehumet.
  3584 | D:5      | Entered Level 5 of the Dungeon
  3584 | D:5      | Noticed Eustachio
  3602 | D:5      | Reached XP level 6. HP: 12/41 MP: 11/13
  3834 | D:5      | Killed Eustachio
  3834 | D:5      | Reached skill level 5 in Spellcasting
  3834 | D:5      | Reached skill level 5 in Earth Magic
  3882 | D:5      | Got a pair of heavily runed boots
  3898 | D:5      | Identified the cursed +0 pair of boots "Ojujyvit" {rElec Str+5} (You found it on level 5 of the Dungeon)
  3978 | D:4      | Learned a level 5 spell: Lee's Rapid Deconstruction
  4060 | D:5      | Reached XP level 7. HP: 16/46 MP: 9/15
  4220 | D:5      | Got a dazzling helmet
  4226 | D:5      | Noticed Duvessa
  4226 | D:5      | Noticed Dowan
  4287 | D:4      | Identified the +1 helmet of Philately {rPois Str+2} (You found it on level 5 of the Dungeon)
  4575 | D:5      | Noticed Menkaure
  4580 | D:5      | Killed Menkaure
  4667 | D:5      | Killed Dowan
  4700 | D:6      | Reached XP level 8. HP: 46/52 MP: 12/18
  4757 | D:5      | Killed Duvessa
  4876 | D:6      | You fall through a shaft for 3 floors!
  4894 | D:9      | Reached ** piety under Vehumet
  4894 | D:9      | Offered knowledge of Throw Frost by Vehumet.
  5261 | D:9      | Noticed a hornet
  5277 | D:9      | Killed a hornet
  5539 | D:9      | Noticed Gastronok
  5745 | D:9      | Killed Gastronok
  5745 | D:9      | Reached XP level 9. HP: 35/57 MP: 5/22
  5941 | D:9      | Found a basalt altar of Yredelemnul.
  6030 | D:8      | Noticed a two-headed ogre
  6055 | D:8      | Noticed Grum
  6060 | D:8      | Killed Grum
  6060 | D:8      | Reached skill level 10 in Spellcasting
  6060 | D:8      | Reached skill level 10 in Earth Magic
  6108 | D:8      | Offered knowledge of Throw Flame by Vehumet.
  6147 | D:8      | Found a runed gate.
  6147 | D:8      | Found a runed gate.
  6147 | D:8      | Found a runed gate.
  6220 | D:8      | Killed a two-headed ogre
  6220 | D:8      | Reached XP level 10. HP: 63/63 MP: 2/24
  6244 | D:8      | Noticed Loudmushroom's ghost (novice MiBe)
  6353 | D:8      | Noticed a two-headed ogre
  6370 | D:8      | Killed a two-headed ogre
  6608 | D:7      | Reached *** piety under Vehumet
  6926 | D:7      | Found an iron altar of Okawaru.
  7966 | D:6      | Offered knowledge of Sticky Flame by Vehumet.
  8040 | D:6      | Found a burning altar of Makhleb.
  8051 | D:6      | Noticed a cacodemon
  8054 | D:6      | Noticed a smoke demon
  8762 | D:6      | Found a glowing golden altar of the Shining One.
  9069 | D:8      | Found a sparkling altar of Nemelex Xobeh.
  9152 | D:8      | Noticed a two-headed ogre
  9155 | D:8      | Killed a two-headed ogre
  9155 | D:8      | Reached XP level 11. HP: 68/68 MP: 26/26
  9231 | D:8      | Reached **** piety under Vehumet
  9435 | D:8      | Offered knowledge of Inner Flame by Vehumet.
  9443 | D:8      | Killed Loudmushroom's ghost
  9577 | D:8      | Got the ring "Tiyl Ily" {Fire}
  9582 | D:8      | Identified the ring "Tiyl Ily" {Fire +Blink rElec Int+4 SInv} (You found it on level 8 of the Dungeon)
 10070 | D:10     | Entered Level 10 of the Dungeon
 10070 | D:10     | Found a staircase to the Orcish Mines.
 10342 | D:10     | Noticed a two-headed ogre
 10345 | D:10     | Killed a two-headed ogre
 11012 | D:10     | Found a staircase to the Lair.
 11347 | Orc:1    | Entered Level 1 of the Orcish Mines
 11348 | Orc:1    | Noticed Sonja
 11352 | Orc:1    | Killed Sonja
 11355 | Orc:1    | Noticed an orc knight
 11357 | Orc:1    | Noticed an orc sorcerer
 11362 | Orc:1    | Killed an orc sorcerer
 11363 | Orc:1    | Killed an orc knight
 11631 | Orc:1    | Found a runed door.
 12091 | Orc:1    | Reached ***** piety under Vehumet
 12202 | Orc:1    | Found a roughly hewn altar of Beogh.
 12321 | Orc:2    | Entered Level 2 of the Orcish Mines
 12375 | Orc:2    | Found a roughly hewn altar of Beogh.
 12375 | Orc:2    | Noticed an orc high priest
 12385 | Orc:2    | Killed an orc high priest
 12392 | Orc:2    | Offered knowledge of Yara's Violent Unravelling by Vehumet.
 12430 | Orc:2    | Learned a level 5 spell: Yara's Violent Unravelling
 12459 | Orc:2    | Found Zujyhicwo's Antique Weapon Shop.
 12537 | Orc:2    | Found a roughly hewn altar of Beogh.
 12640 | Orc:2    | Reached XP level 12. HP: 67/74 MP: 20/29
 13130 | Orc:2    | Found a staircase to the Elven Halls.
 13219 | Orc:2    | Found a roughly hewn altar of Beogh.
 13221 | Orc:2    | Found Caicloyb's Antique Armour Boutique.
 13514 | Orc:2    | Found a roughly hewn altar of Beogh.
 13553 | Orc:2    | Found Lydas's Antique Armour Emporium.
 13696 | Orc:2    | Noticed Saint Roka
 13740 | Orc:2    | Found a roughly hewn altar of Beogh.
 13883 | Orc:2    | Killed Saint Roka
 14118 | Orc:2    | Found a roughly hewn altar of Beogh.
 14352 | Orc:2    | Found Cycybo's Antique Weapon Shoppe.
 14353 | Orc:2    | Found a roughly hewn altar of Beogh.
 14363 | Orc:2    | Found Ybulueh's Antique Armour Emporium.
 14378 | Orc:2    | Bought a pair of embroidered boots for 255 gold pieces
 14390 | Orc:2    | Bought a pair of encrusted gloves for 323 gold pieces
 14425 | Orc:2    | Identified the +2 pair of gloves "Ennejup" {rCorr SInv} (You bought it in a shop on level 2 of the Orcish Mines)
 14450 | Orc:2    | Bought a runed cloak for 217 gold pieces
 14469 | Elf:1    | Entered Level 1 of the Elven Halls
 14623 | Elf:1    | Gained mutation: You are in touch with the powers of death. [Mummy growth]
 14623 | Elf:1    | Reached XP level 13. HP: 79/79 MP: 30/31
 14691 | Elf:1    | Reached skill level 15 in Earth Magic
 14694 | Elf:1    | Reached skill level 15 in Spellcasting
 14812 | Elf:1    | Got an ancient tin ring
 14813 | Elf:1    | Identified the ring of Fydut {Wiz rF+ Int+2} (You found it on level 1 of the Elven Halls)
 15005 | Elf:1    | Noticed a deep elf sorcerer
 15006 | Elf:1    | Killed a deep elf sorcerer
 15038 | Elf:1    | Found a ruined gateway.
 15112 | Desolati | Entered the Desolation of Salt
 15156 | Desolati | Offered knowledge of Irradiate by Vehumet.
 15163 | Desolati | Learned a level 5 spell: Irradiate
 15181 | Desolati | HP: 1/79 [servant of whispers/bolt of lightning (10)]
 15188 | Desolati | Mangled by a saltling

Vault maps used:
D:1:      dpeg_arrival_rooms_with_view
D:4:      nicolae_ru_path_of_blood, grunt_temple_overflow_diamond,
          minmay_temple_entry_glass, serial_shops, shop_fountains, first_ration
D:5:      minivault_25, uniq_menkaure, uniq_eustachio, uniq_duvessa
D:6:      makhleb_altar_promises_db, tso_oasis_becter
D:7:      overflow_temple_1_default, grunt_ogre_cave
D:8:      lemuel_round_altar, gammafunk_ghost_icy, uniq_grum
D:9:      overflow_temple_1_default, uniq_gastronok
D:10:     lair_entry_dummy, orc_0_dummy, special_room
Temple:   oiseaux_autumnal_temple
Orc:1:    nicolae_orc_rockfall, lightli_church_of_beogh, uniq_sonja
Orc:2:    grunt_orc_community_town_hall, grunt_orc_community_big_house_1,
          grunt_orc_community_big_house_1, grunt_orc_community_house_2,
          grunt_orc_community_house_2, grunt_orc_community_house_1,
          grunt_orc_community_house_1, grunt_orc_community_house_3,
          serial_shops, nicolae_shop_waterfront
Elf:1:    minmay_elf_arrival_summoners, portal_desolation_entry_twin_temple,
          serial_shops, shop, ebering_ghost_xom, kennysheep_underground_church,
          uniq_azrael

Skill      XL: |  1  2  3  4  5  6  7  8  9 10 11 12 13 |
---------------+----------------------------------------+-----
Earth Magic    | 3 4 5 6 9 10 11 13 14 15 | 15.8
Spellcasting   | 3 4 5 6 9 10 11 13 14 15 | 15.8
Dodging        | |  1.5
Stealth        | |  1.5
Transmutations | |  0.7

Action                   |  1- 3 |  4- 6 |  7- 9 | 10-12 | 13-15 || total
-------------------------+-------+-------+-------+-------+-------++-------
Melee: Short sword       |    56 |       |       |       |       ||    56
       Dagger            |       |       |    72 |    66 |       ||   138
 Fire: Hunting sling     |    10 |   171 |    76 |       |       ||   257
       Blowgun           |       |       |    20 |       |       ||    20
 Cast: Sandblast         |    37 |    43 |    44 |    70 |     1 ||   195
       Stone Arrow       |     3 |     6 |     2 |     2 |     5 ||    18
       Petrify           |       |     1 |     3 |    18 |       ||    22
       Lee's Rapid Decon |       |       |    25 |   239 |    41 ||   305
       Passwall          |       |       |     3 |       |       ||     3
 Abil: Evoke Blink       |       |       |       |       |     2 ||     2
Evoke: Wand              |       |       |     1 |     6 |     1 ||     8
  Use: Scroll            |       |     6 |     3 |     9 |     2 ||    20
 Stab: Petrified         |       |       |       |     7 |       ||     7
       Petrifying        |       |       |       |     2 |       ||     2
       Sleeping          |       |       |       |     1 |       ||     1
Armor: Robe              |     8 |    30 |       |    28 |     2 ||    68
       Leather armour    |       |     4 |    54 |     5 |       ||    63
       Skin              |       |     1 |       |       |       ||     1
Dodge: Dodged            |    57 |   120 |    77 |    85 |     6 ||   345

Table legend:
 A = Spawn XP
 B = Non-spawn XP
 C = Spawn XP percentage of total XP
 D = Spawn monster count
 E = Non-spawn monster count
 F = Spawn count percentage of total count
 G = Total turns spent on level
                    A         B        C        D         E        F      G
               +---------+---------+-------+---------+---------+-------+---------
         Total |       0 |   56143 |   0.0 |       0 |     432 |   0.0 | 15188
               +---------+---------+-------+---------+---------+-------+---------
           D:1 |       0 |      50 |   0.0 |       0 |      27 |   0.0 |   602
           D:2 |       0 |     132 |   0.0 |       0 |      31 |   0.0 |  1033
           D:3 |       0 |     118 |   0.0 |       0 |      22 |   0.0 |  1084
           D:4 |       0 |      74 |   0.0 |       0 |       6 |   0.0 |   810
           D:5 |       0 |    1299 |   0.0 |       0 |      27 |   0.0 |  1088
           D:6 |       0 |    1211 |   0.0 |       0 |      31 |   0.0 |  1107
           D:7 |       0 |    1327 |   0.0 |       0 |      14 |   0.0 |  1280
           D:8 |       0 |    5581 |   0.0 |       0 |      47 |   0.0 |  1187
           D:9 |       0 |    2689 |   0.0 |       0 |      16 |   0.0 |  1626
          D:10 |       0 |    3211 |   0.0 |       0 |      36 |   0.0 |  1418
         Orc:1 |       0 |    4215 |   0.0 |       0 |      42 |   0.0 |  1055
         Orc:2 |       0 |   12766 |   0.0 |       0 |      95 |   0.0 |  2049
         Elf:1 |       0 |   17904 |   0.0 |       0 |      26 |   0.0 |   520
    Desolation |       0 |    5566 |   0.0 |       0 |      12 |   0.0 |    76
               +---------+---------+-------+---------+---------+-------+---------
